[Event "98th Caplin Hastings Masters 2024-25"]
[Site "Hastings"]
[Date "2024.12.31"]
[Round "6.17"]
[White "Li, Jack"]
[Black "Pick, Freddie"]
[Result "1-0"]
[ECO "B33"]
[WhiteElo "1717"]
[BlackElo "1874"]
[Annotator "NA RC"]
[PlyCount "109"]
[EventDate "2024.12.23"]
[EventType "swiss"]
[EventCountry "ENG"]
[SourceTitle "playchess.com"]
[Source "ChessBase"]
[SourceQuality "1"]
[TimeControl "5400+30"]

1. e4 c5 2. Nf3 Nc6 3. d4 cxd4 4. Nxd4 Nf6 5. Nc3 e5 6. Ndb5 d6 7. Bg5 a6 8. Na3 b5 9. Nd5 Be7 10. Bxf6 Bxf6 11. c3 O-O 12. Nc2 Bg5 13. a4 bxa4 14. Rxa4 a5 15. Bc4 Rb8 16. b3 Kh8 17. Nce3 g6 18. h4 Bxe3 19. Nxe3 Kg7 20. h5 Be6 21. Qd2 g5 22. h6+ Kh8 23. Nd5 f6 24. g3 Ne7 25. O-O Nxd5 26. Bxd5 Bxd5 27. Qxd5 Qb6 28. Rxa5 Qxb3 29. Qxd6 Qf7 30. Rfa1 Qg6 31. Qd5 Qxh6 32. Ra8 Qg7 33. Rxb8 Rxb8 34. Ra8 Rxa8 35. Qxa8+ Qg8 36. Qxg8+ Kxg8 37. g4 Kf7 38. Kf1 Ke6 39. Ke2 Kd6 40. Kd3 Kc5 41. Kd2 Kb5 42. Kc2 Kc4 43. f3 h6 44. Kb2 Kd3 45. Kb3 Ke3 46. c4 Kxf3 47. c5 Kxe4 48. c6 Kf4 49. c7 Kxg4 50. c8=Q+ f5 51. Kc3 h5 52. Kd2 Kf4 53. Ke2 g4 54. Kf2 h4 55. Qc1+ 1-0

[Event "98th Caplin Hastings Masters 2024-25"]
[Site "Hastings"]
[Date "2024.12.31"]
[Round "6.18"]
[White "Badacsonyi, Frankie"]
[Black "Kolka, David"]
[Result "0-1"]
[ECO "D30"]
[WhiteElo "2218"]
[BlackElo "2020"]
[Annotator "TA"]
[PlyCount "74"]
[EventDate "2024.12.23"]
[EventType "swiss"]
[EventCountry "ENG"]
[SourceTitle "playchess.com"]
[Source "ChessBase"]
[SourceQuality "1"]
[TimeControl "5400+30"]

1. d4 d5 2. c4 e6 3. Nf3 a6 4. Bg5 Be7 5. Bxe7 Nxe7 6. Nbd2 dxc4 7. Nxc4 b5 8. Ncd2 Bb7 9. e3 Nd7 10. Nb3 Rc8 11. Rc1 Bd5 12. Nc5 Nxc5 13. Rxc5 Nf5 ({Black should play} 13... Bxf3 $14 14. gxf3 (14. Qxf3 c6 $16) 14... c6) 14. a3 (14. Bd3 $16 {and e4 should not be overlooked} Nd6 15. Qc2) 14... Nd6 15. b4 f6 16. Bd3 O-O 17. Qc2 f5 18. Qe2 c6 19. O-O a5 {[%emt 0:00:58] [#]} (19... Qe8 $14 {is more appropriate.}) 20. Ne5 ({Better is} 20. Rfc1 $1 $16) 20... Nf7 21. Nxf7 Rxf7 22. Rfc1 axb4 23. axb4 {[%emt 0:00:05][%cal Od3b5] Black should prevent Bxb5!.} Ra8 24. f3 Ra2 25. R5c2 Rfa7 26. h3 (26. Qe1 $11 {remains equal.}) 26... Rxc2 $17 27. Qxc2 $4 {[%emt 0:01:50][%mdl 8192] [#]} (27. Bxc2 $17 Qg5 28. Qf2) 27... Ra2 $1 $19 28. Qc3 Qg5 $1 29. Bf1 (29. Rc2 $142 Qxe3+ 30. Kh1 Rxc2 31. Qxc2) 29... Bxf3 {[%emt 0:00:28][%cal Ra2g2] ( -> ...Rxg2+)} 30. Rc2 Rxc2 31. Qxc2 Qxe3+ 32. Qf2 Qxf2+ 33. Kxf2 {[%emt 0:00:02] KB-KB. Black is two pawns up.} Bd5 34. g3 Kf7 35. h4 Kf6 36. Ke3 e5 37. Be2 g6 0-1

[Event "98th Caplin Hastings Masters 2024-25"]
[Site "Hastings"]
[Date "2024.12.31"]
[Round "6.19"]
[White "Alcindor, Samuel"]
[Black "Nielsen, Andre"]
[Result "0-1"]
[ECO "C44"]
[WhiteElo "1927"]
[BlackElo "2276"]
[Annotator "NA"]
[PlyCount "106"]
[EventDate "2024.12.23"]
[EventType "swiss"]
[EventCountry "ENG"]
[SourceTitle "playchess.com"]
[Source "ChessBase"]
[SourceQuality "1"]
[TimeControl "5400+30"]

1. e4 e5 2. Nf3 Nc6 3. c3 Nf6 4. d4 Nxe4 5. d5 Bc5 6. dxc6 Bxf2+ {[%emt 0:00:55] C44: Ponziani Opening and Scotch Gambit.} 7. Ke2 Bb6 8. Be3 bxc6 9. Qd3 d5 10. Bxb6 axb6 11. Qe3 O-O 12. Nbd2 Nxd2 13. Kxd2 e4 14. Nd4 c5 15. Ne2 Bb7 16. Kc2 Qd7 17. Nf4 (17. a3 $142) 17... Kh8 (17... d4 $142 18. Qg3 d3+ (18... Qa4+ $2 19. b3 $19) 19. Nxd3 Rfd8 (19... exd3+ 20. Bxd3 Qc6 21. Rhe1 $19)) 18. Qg3 d4 19. Nh5 $2 (19. a3) 19... Rg8 20. b3 $19 d3+ 21. Kd2 c4 22. bxc4 Ra5 23. Nf4 Rga8 24. Nd5 Bxd5 25. cxd5 Rxa2+ 26. Rxa2 Rxa2+ 27. Ke3 f5 28. Qe5 h6 29. g3 Ra5 30. c4 Ra2 31. Qe6 Qxe6 32. dxe6 Kg8 33. Kd4 Kf8 34. Bh3 Ra5 35. Rf1 g6 36. g4 d2 37. gxf5 gxf5 38. Bxf5 d1=Q+ 39. Rxd1 Rxf5 40. Kxe4 Rc5 41. Kd4 Ke7 42. Re1 Rg5 43. h3 c5+ 44. Ke4 Kf6 45. Rb1 Re5+ 46. Kf4 Rxe6 47. Rb2 Rd6 48. Rb1 Rd4+ 49. Kf3 Rd6 50. Kf4 h5 51. Rb2 Rd4+ 52. Kf3 Ke5 53. Rxb6 Rf4+ 0-1

[Event "98th Caplin Hastings Masters 2024-25"]
[Site "Hastings"]
[Date "2024.12.31"]
[Round "6.20"]
[White "Bazakutsa, Svyatoslav"]
[Black "Verbytski, Oleg"]
[Result "1-0"]
[ECO "A13"]
[WhiteElo "2484"]
[BlackElo "2033"]
[Annotator "TA"]
[PlyCount "105"]
[EventDate "2024.12.23"]
[EventType "swiss"]
[EventCountry "ENG"]
[SourceTitle "playchess.com"]
[Source "ChessBase"]
[SourceQuality "1"]
[TimeControl "5400+30"]

1. b3 e6 2. Bb2 d5 3. Nf3 Nf6 4. e3 c5 5. c4 Nc6 6. cxd5 exd5 7. Be2 Be7 8. d4 cxd4 9. Nxd4 O-O 10. O-O Nxd4 11. Qxd4 Be6 12. Nc3 b6 13. Rfd1 {[%emt 0:02:53] White is much more active.} Bc5 14. Qd3 {[%emt 0:09:51] White is better.} Qe7 15. Bf3 (15. Nb5 {looks sharper.} Ne4 16. Bf3 Qh4 17. g3) 15... Rfd8 16. Nb5 Rac8 17. Bxf6 gxf6 18. g3 f5 19. Rac1 a5 20. Qf1 Qf6 21. Rd3 (21. Rc2 $16) 21... Qe5 (21... f4 $1 $11 22. gxf4 (22. exf4 Bxf2+ 23. Kh1 Rxc1 $15) 22... Bf5) 22. Qd1 Rd7 23. Rc2 Rcd8 24. Nd4 Rc7 {[%emt 0:01:36] Repels Nc6} 25. Kg2 Rdc8 26. Nb5 Rd7 27. h4 Rcd8 28. Nd4 Rc7 {[%emt 0:00:37] Against Nc6} 29. Kh2 Rdc8 30. Nb5 Rd7 31. Bg2 $36 {[%emt 0:01:05][%mdl 2048] White is in control.} Rcd8 32. Nd4 Rc7 {[%emt 0:00:41] Prevents Nc6} 33. a3 Bxa3 $2 (33... Qf6 $16) 34. Nc6 Rxc6 35. Rxc6 Bc5 36. h5 (36. f4 $142 $1 Qb2 37. Rd2) 36... d4 $2 (36... Qb2 $16) 37. f4 $1 $18 Qf6 38. exd4 Rxd4 {[%emt 0:01:15] [#]} 39. Bd5 $1 Rxd3 40. Qxd3 {[%emt 0:00:01] Black must now prevent Bxe6.} Qa1 (40... Qb2+ $142 41. Kh3 Bxd5 42. Rc8+ (42. Qxd5 Qe2 $18) 42... Kg7 43. Qxd5 Qe2 44. Qe5+ (44. Qxf5 Qf1+ 45. Kg4 Qe2+ 46. Kh3 Qf1+ 47. Kg4 Qd1+ 48. Kh4 Be7+ 49. Kh3 Qh1+ 50. Kg4 Qd1+ 51. Kh3 Qh1+ 52. Kg4 Qd1+ 53. Kh3 $11) 44... Qxe5 45. fxe5 Kh6) 41. h6 $1 (41. Bxe6 $2 {gets mated.} Qg1+ 42. Kh3 Qh1#) 41... Qb2+ {[%emt 0:07:19] [#]} 42. Kh3 $1 {[%emt 0:01:02] White threatens Rxe6 and mate.} Bg1 (42... Qf6 $142 43. Bxe6 fxe6) 43. Rc2 {[%emt 0:00:28] Intending Bxe6 and mate.} Qd4 {[%emt 0:00:37] [#]} 44. Bxe6 $1 fxe6 {[%emt 0:00:21] KQR-KQB} 45. Qb5 Qd8 {[%emt 0:00:28] [#]} 46. Rc7 Qa8 {[%emt 0:00:30] [#]} (46... Bc5 $142) 47. Rb7 $3 {[%emt 0:00:16][%mdl 512] Threatening mate with Qd7.} Qd8 (47... Qf8 48. Rg7+) 48. Qe5 {[%emt 0:00:39][%csl Gb7,Gh6][%cal Re5g7] White mates.} Bd4 49. Qxe6+ Kh8 50. Qxf5 Qg8 51. Rc7 a4 52. bxa4 b5 53. Rc8 {[%emt 0:00:06] Weighted Error Value: White=0.23 (precise) /Black=0.57.  Loses game:     	---       	Black=2      Mistake:       	White=2     	Black=3      Inaccurate:     	White=1     	Black=4      OK:         	White=10    	Black=9      Best:        	White=2     	Black=1      Strong:       	White=3     	---        Brilliant:      	White=1     	---} 1-0

[Event "98th Caplin Hastings Masters 2024-25"]
[Site "Hastings"]
[Date "2024.12.31"]
[Round "6.21"]
[White "Burrows, Martin P"]
[Black "Golding, Alex"]
[Result "1/2-1/2"]
[ECO "B75"]
[WhiteElo "2042"]
[BlackElo "2405"]
[Annotator "TA"]
[PlyCount "63"]
[EventDate "2024.12.23"]
[EventType "swiss"]
[EventCountry "ENG"]
[SourceTitle "playchess.com"]
[Source "ChessBase"]
[SourceQuality "1"]
[TimeControl "5400+30"]

1. e4 c5 2. Nf3 d6 3. d4 cxd4 4. Nxd4 Nf6 5. Nc3 g6 6. Be3 Bg7 7. f3 a6 8. Qd2 h5 9. Bc4 b5 10. Bb3 Bb7 11. O-O-O {[%emt 0:02:25] White is more active.} Nbd7 12. Nd5 Rc8 13. Kb1 Ne5 (13... Nxd5 $5 14. exd5 Nc5 $11) 14. Bg5 Bxd5 15. exd5 O-O (15... Nc4 $11 16. Qe2 (16. Bxc4 bxc4 17. Nc6 Qb6 $11) 16... Qd7 (16... Nxd5 17. Nxb5 axb5 18. Rxd5 $14)) 16. Rhe1 (16. Qe2 $14) 16... Re8 (16... Qb6 $11) 17. Qe2 $16 Qb6 18. f4 Nc4 19. f5 Ng4 (19... Nh7 $16) 20. c3 $18 Nge5 21. fxg6 fxg6 22. Ne6 Bh8 (22... Bf6 23. Qc2 Kh7) 23. h3 (23. Bxc4 $142 Rxc4 24. Qc2) 23... a5 $2 (23... b4) 24. g4 h4 $2 (24... Nxb2 {was worth a try.} 25. Qxb2 (25. Kxb2 a4 $14) 25... a4) 25. Bxh4 b4 26. Bf2 Qb5 {[%emt 0:00:09] [#]} 27. cxb4 $2 (27. Bd4 bxc3 28. Bxc3 Na3+ 29. Ka1 Rxc3 30. bxc3 Qb4 $11) (27. Nd4 $1 $18 Qxd5 28. cxb4) 27... Qxb4 $16 {[%emt 0:00:15] ...a4 would now be deadly.} 28. Bd4 {[%emt 0:03:59] Hoping for Ka1. A strong pair of Bishops.} a4 29. Bxc4 ({Don't go for} 29. Bc3 $2 Na3+ 30. bxa3 Qxc3 $19) 29... Nxc4 30. Qd3 {[%emt 0:02:35] Repels Na3+} (30. Ka1 $1 $14 Rb8 31. a3 Nxa3 32. Bxh8 (32. bxa3 {is a self mate.} Qxa3+ 33. Qa2 Bxd4+ 34. Nxd4 Qc3+) 32... Kxh8 33. Rc1 (33. bxa3 $2 Qxa3+ 34. Qa2 Qc3+) (33. Rd4 $2 Qxe1+ 34. Qxe1 Nc2+ 35. Ka2 Nxe1 $19)) 30... Bxd4 $11 31. Qxg6+ Kh8 32. Qh6+ (32. Nxd4 $2 Qxb2#) 1/2-1/2

[Event "98th Caplin Hastings Masters 2024-25"]
[Site "Hastings"]
[Date "2024.12.31"]
[Round "6.22"]
[White "Lucas, Arthur"]
[Black "Rida, Ruqayyah"]
[Result "1/2-1/2"]
[ECO "C54"]
[WhiteElo "2335"]
[BlackElo "2019"]
[Annotator "ChessBase"]
[PlyCount "109"]
[EventDate "2024.12.23"]
[EventType "swiss"]
[EventCountry "ENG"]
[SourceTitle "playchess.com"]
[Source "ChessBase"]
[SourceQuality "1"]
[TimeControl "5400+30"]

1. e4 e5 2. Nf3 Nc6 3. Bc4 Bc5 4. c3 Nf6 5. d4 exd4 6. b4 Bb6 7. e5 d5 8. exf6 dxc4 9. Qe2+ Be6 10. b5 Na5 11. fxg7 Rg8 12. cxd4 Bxd4 13. Nxd4 Qxd4 14. Bb2 Qd3 15. Bf6 Qf5 16. Qe5 Qxe5+ 17. Bxe5 Ke7 18. Nd2 f6 19. Bc3 b6 20. Ne4 Kf7 21. Nxf6 Rxg7 22. g3 Nb7 23. O-O Nc5 24. Rfe1 Rd8 25. Ne4 Nxe4 26. Rxe4 Rg4 27. Re3 Rd3 28. a4 Rg5 29. Rc1 Rgd5 30. Kg2 Rxe3 31. fxe3 Rd3 32. Kf3 Ke7 33. g4 Rd8 34. g5 Rd5 35. h4 Kf7 36. Ke4 Kg6 37. Rf1 Rf5 38. Rf4 c6 39. Rxf5 Bxf5+ 40. Kd4 cxb5 41. axb5 Bd7 42. Kxc4 Kf5 43. Be1 Ke4 44. Bg3 Bc8 45. Bf4 Bg4 46. Kb4 Be2 47. Ka4 Kf5 48. Bb8 a6 49. bxa6 Bxa6 50. Bc7 Kg4 51. Bd8 Bd3 52. Kb4 Bg6 53. Kb5 Kxh4 54. Kxb6 Kh5 55. Kc5 1/2-1/2

[Event "98th Caplin Hastings Masters 2024-25"]
[Site "Hastings"]
[Date "2024.12.31"]
[Round "6.23"]
[White "Bhatia, Kanishka"]
[Black "Badacsonyi, Stanley"]
[Result "0-1"]
[ECO "C01"]
[WhiteElo "2018"]
[BlackElo "2266"]
[Annotator "TA"]
[PlyCount "140"]
[EventDate "2024.12.23"]
[EventType "swiss"]
[EventCountry "ENG"]
[SourceTitle "playchess.com"]
[Source "ChessBase"]
[SourceQuality "1"]
[TimeControl "5400+30"]

1. e4 e6 2. d4 d5 3. exd5 exd5 4. Bd3 Bd6 5. Nf3 Nc6 6. c3 Bg4 7. h3 Bh5 {[%emt 0:00:11] C01: French: Exchange Variation.} 8. O-O Nge7 9. Re1 Qd7 10. a4 f6 11. b3 $146 ({Predecessor:} 11. Nbd2 O-O 12. Qc2 Bg6 13. Nf1 Bxd3 14. Qxd3 Rfe8 15. Ne3 Na5 16. Qc2 b6 17. b4 {0-1 Locio,L (2210)-Saglione,E (2485) ARG-ch25 email 2012}) 11... O-O-O 12. Ba3 g5 (12... Bf4 $11) 13. Bxd6 $14 Qxd6 14. Qe2 (14. b4 $16) 14... Rde8 15. Qe6+ $2 (15. Nbd2 $11) 15... Qxe6 $17 16. Rxe6 Bxf3 17. gxf3 Rhf8 ({Better is} 17... Ng6 18. Rxe8+ Rxe8) 18. Nd2 $17 Ng6 19. Bxg6 hxg6 20. Re3 Rh8 21. Kg2 Ref8 22. Rae1 Kd7 23. c4 (23. Nf1 $15) 23... Rh7 $17 (23... Nxd4 24. cxd5 Rh7 25. Ne4 $11) 24. cxd5 Ne7 (24... Nb4 $17 25. Ne4 b6) 25. Ne4 $15 b6 26. Nc3 Nf5 27. Re4 (27. Rd3 $1 $11) 27... Rfh8 28. Rh1 Nh4+ 29. Kg3 Nxf3 $1 30. Re6 (30. Kxf3 Rxh3+ 31. Rxh3 Rxh3+ 32. Ke2 Rxc3) 30... Nxd4 31. Rxf6 Nf5+ $1 32. Kg2 g4 $1 33. h4 (33. Ne4 $17) 33... Nxh4+ $19 ({But not} 33... Rxh4 34. Rxh4 Rxh4 35. Rf7+ Ne7 36. Nb5 $15) 34. Kf1 {[%emt 0:00:00] [#]} Nf3 (34... Re7 $1 $17 {[%cal Oh4f3] White must now prevent ...Nf3!} 35. Re6 Rxe6 36. dxe6+ Kxe6) 35. Rxh7+ $15 Rxh7 36. Rxg6 {[%emt 0:00:00] [#]} (36. Ke2 $15) 36... Re7 $1 $19 37. Re6 Rh7 (37... Rxe6 $142 38. dxe6+ Kxe6) 38. Rg6 $17 a6 ({Black should try} 38... Rh1+ $17 39. Ke2 Re1+ 40. Kd3 Ne5+ 41. Kd2 Nxg6 42. Kxe1 Nf4) 39. Ke2 $11 Re7+ 40. Kd1 Ne5 41. Rf6 Nd3 42. Kc2 Nb4+ 43. Kd2 Rg7 44. Rf4 a5 45. Rf5 g3 46. fxg3 Rxg3 47. Rf7+ (47. Nb5 $1 $11 {should be considered.}) 47... Kd8 48. Nb5 Nxd5 49. Kc2 Re3 50. Rh7 Kc8 51. Rg7 Rh3 52. Rf7 Rh2+ 53. Kb1 Kb7 54. Nd6+ Kc6 55. Nb5 Kc5 56. Nxc7 Nc3+ 57. Kc1 Kb4 58. Rf3 $2 (58. Rf6 $15) 58... Kxb3 59. Rxc3+ Kxc3 60. Nd5+ Kb3 61. Nxb6 Rh1+ 62. Kd2 Rh6 63. Nc8 Kxa4 64. Ne7 Kb3 65. Nf5 Rb6 66. Kc1 Ka2 67. Ne3 a4 68. Kc2 Rc6+ 69. Kd2 a3 70. Nd1 Kb3 0-1

[Event "98th Caplin Hastings Masters 2024-25"]
[Site "Hastings"]
[Date "2024.12.31"]
[Round "6.24"]
[White "Bin-Suhayl, Ieysaa"]
[Black "Zhang, Kendrick Botong"]
[Result "1-0"]
[ECO "D85"]
[WhiteElo "2183"]
[BlackElo "1979"]
[Annotator "TA"]
[PlyCount "63"]
[EventDate "2024.12.23"]
[EventType "swiss"]
[EventCountry "ENG"]
[SourceTitle "playchess.com"]
[Source "ChessBase"]
[SourceQuality "1"]
[TimeControl "5400+30"]

1. d4 Nf6 2. c4 g6 3. Nc3 d5 4. cxd5 Nxd5 5. e4 Nxc3 6. bxc3 Bg7 7. Nf3 c5 8. Be3 O-O 9. Be2 Nc6 10. O-O cxd4 11. cxd4 Bg4 12. d5 Ne5 13. Nxe5 Bxe2 14. Qxe2 Bxe5 15. Rab1 Qd7 16. f4 Bg7 17. Rbd1 Rfc8 18. e5 b5 19. Kh1 Rc4 20. Bg1 Rac8 21. h3 Qf5 (21... Rc2 $11 22. Rd2 Rxd2 23. Qxd2 Bf8) 22. d6 $14 exd6 23. exd6 (23. Bxa7 dxe5 (23... Rxf4 24. exd6 Rxf1+ 25. Rxf1 $16) 24. fxe5 Qxe5 25. Qxe5 Bxe5 $15) 23... Qd7 {[%emt 0:02:45] [#]} 24. Bxa7 Bf8 $1 $11 {[%emt 0:06:26] [#]} (24... Qxa7 $2 25. d7 Qa8 (25... Rd8 $2 26. Qe8+ $18) 26. dxc8=N (26. dxc8=R+ Rxc8 27. Qxb5 Qxa2 $18) 26... Rxc8 27. Qxb5 $18) 25. Qe5 $2 Bxd6 $2 (25... Qxa7 $19 26. f5 Qd7 (26... Qxa2 $2 {loses.} 27. d7 $18) 27. fxg6 hxg6) 26. Rxd6 Qxa7 27. f5 R4c5 28. Qd4 $40 {[%emt 0:02:04][%mdl 128] Strongly threatening Rd7. White attacks.} gxf5 (28... Qb8 $11 {keeps the balance.}) 29. Rd1 {[%emt 0:12:27] White is much more active.} (29. Rd8+ $16 Rxd8 30. Qxd8+ Kg7 31. Qg5+ Kh8 32. Rd1 (32. Rxf5 Rxf5 33. Qxf5 Qb7 $11)) 29... Qe7 30. Rd7 Qe5 $2 {[%emt 0:00:24][%mdl 8192] [#]} (30... Qg5 $11) 31. Rd8+ $1 $18 Rxd8 32. Qxd8+ 1-0

[Event "98th Caplin Hastings Masters 2024-25"]
[Site "Hastings"]
[Date "2024.12.31"]
[Round "6.25"]
[White "Marusenko, Petr"]
[Black "Brewer, Callum D"]
[Result "1-0"]
[ECO "E25"]
[WhiteElo "2021"]
[BlackElo "2151"]
[Annotator "ChessBase"]
[PlyCount "113"]
[EventDate "2024.12.23"]
[EventType "swiss"]
[EventCountry "ENG"]
[SourceTitle "playchess.com"]
[Source "ChessBase"]
[SourceQuality "1"]
[TimeControl "5400+30"]

1. d4 Nf6 2. c4 e6 3. Nc3 Bb4 4. f3 d5 5. a3 Bxc3+ 6. bxc3 c5 7. cxd5 Nxd5 8. dxc5 Qa5 9. e4 Nf6 10. Be3 Qxc3+ 11. Kf2 O-O 12. Ne2 Qa5 13. Nd4 Nbd7 14. Nb3 Qa4 15. Qc2 Ne5 16. Be2 b6 17. Rhc1 Ba6 18. Bxa6 Qxa6 19. Rd1 bxc5 20. Nxc5 Qc4 21. Qxc4 Nxc4 22. Nd7 Rfc8 23. Nxf6+ gxf6 24. Bd4 e5 25. Bc3 Rab8 26. Bb4 a5 27. Be7 Kg7 28. Rac1 Rb7 29. Bd8 Rbb8 30. Rd5 Nxa3 31. Rxc8 Rxc8 32. Rd6 Nc4 33. Bxf6+ Kf8 34. Ra6 Ke8 35. Ra7 Rc6 36. Bg5 h6 37. Bc1 Kf8 38. Kg3 Kg7 39. Kh4 Kg6 40. g3 Kg7 41. Kh5 Nb6 42. Bb2 Nc4 43. Bc3 Rc5 44. f4 a4 45. Rxa4 Nd6 46. Bb2 f6 47. Ba3 Rc4 48. Ra8 Nf7 49. Bf8+ Kh7 50. Ra7 Kg8 51. Bxh6 exf4 52. Bxf4 Rxe4 53. Kg6 Nh8+ 54. Kxf6 Rd4 55. h4 Rd8 56. Rg7+ Kf8 57. h5 1-0

[Event "98th Caplin Hastings Masters 2024-25"]
[Site "Hastings"]
[Date "2024.12.31"]
[Round "6.26"]
[White "Zhu, Yaoyao"]
[Black "Kolani, Arjun"]
[Result "0-1"]
[ECO "C50"]
[WhiteElo "1990"]
[BlackElo "2131"]
[Annotator "NA"]
[PlyCount "88"]
[EventDate "2024.12.23"]
[EventType "swiss"]
[EventCountry "ENG"]
[SourceTitle "playchess.com"]
[Source "ChessBase"]
[SourceQuality "1"]
[TimeControl "5400+30"]

1. e4 e5 2. Nf3 Nc6 3. Bc4 Bc5 4. d3 Nf6 5. Nc3 a6 6. a3 h6 7. b4 Ba7 8. h3 d6 9. O-O O-O 10. Be3 Ne7 {[%emt 0:14:21] C50: Hungarian Defence and Giuoco Pianissimo.} 11. Bxa7 Rxa7 12. d4 exd4 13. Qxd4 Nc6 14. Qd2 Ra8 15. Rad1 Nd7 16. Nd4 Nxd4 17. Qxd4 Ne5 18. Be2 Nc6 19. Qe3 f5 20. exf5 Bxf5 21. Bd3 Qd7 22. Bxf5 Rxf5 $11 23. Rfe1 Raf8 24. f3 Ne5 25. Rf1 Nc4 26. Qe4 b5 27. Rfe1 Re5 28. Qd4 Rfe8 29. Rxe5 Rxe5 30. a4 c6 31. axb5 axb5 32. Ne4 d5 33. Nd2 Qf5 34. Nxc4 bxc4 35. Qd2 Kh7 36. c3 Re8 37. Re1 Rxe1+ 38. Qxe1 Qd3 39. Qc1 d4 40. cxd4 Qxd4+ 41. Kf1 Qd3+ 42. Ke1 c3 43. Qa3 Qd2+ 44. Kf1 c2 0-1

[Event "98th Caplin Hastings Masters 2024-25"]
[Site "Hastings"]
[Date "2024.12.31"]
[Round "6.27"]
[White "Sciupokas, Arunas"]
[Black "Saunders, Aron"]
[Result "1/2-1/2"]
[ECO "B12"]
[WhiteElo "1969"]
[BlackElo "2106"]
[Annotator "NA RC"]
[PlyCount "76"]
[EventDate "2024.12.23"]
[EventType "swiss"]
[EventCountry "ENG"]
[SourceTitle "playchess.com"]
[Source "ChessBase"]
[SourceQuality "1"]
[TimeControl "5400+30"]

1. e4 c6 2. d4 d5 3. e5 Bf5 4. Bd3 Bxd3 5. Qxd3 Qa5+ 6. Nd2 e6 7. Ngf3 Qa6 {[%emt 0:00:20] B12: Caro-Kann: Advance Variation.} 8. Ke2 c5 9. dxc5 Qxd3+ 10. cxd3 Bxc5 11. Nb3 Bb6 12. Be3 Bxe3 13. fxe3 Ne7 14. Nbd4 a6 15. b4 O-O 16. b5 Rc8 17. Rhb1 a5 18. Rc1 Nd7 19. Nb3 a4 20. Nbd2 f6 21. exf6 gxf6 22. e4 Kf7 23. Rf1 Rg8 24. g3 e5 25. Rac1 Rac8 26. exd5 $11 Nxd5 27. Nc4 Ke6 28. Kd2 Rgd8 29. Rce1 Ke7 30. Re4 Nc5 31. Rh4 Rh8 32. Re1 Rcd8 33. Nfxe5 fxe5 34. Rxe5+ Kf7 35. Rf5+ Ke6 36. Re5+ Kf7 37. Rf5+ Ke6 38. Re5+ Kf7 1/2-1/2

[Event "98th Caplin Hastings Masters 2024-25"]
[Site "Hastings"]
[Date "2024.12.31"]
[Round "6.28"]
[White "Verbin, Valentina"]
[Black "Mikalajunas, Kajus"]
[Result "0-1"]
[ECO "B11"]
[WhiteElo "2093"]
[BlackElo "1941"]
[Annotator "NA"]
[PlyCount "122"]
[EventDate "2024.12.23"]
[EventType "swiss"]
[EventCountry "ENG"]
[SourceTitle "playchess.com"]
[Source "ChessBase"]
[SourceQuality "1"]
[TimeControl "5400+30"]

1. e4 c6 2. Nf3 d5 3. Nc3 Nf6 4. e5 Ne4 5. Ne2 h6 6. d3 Ng5 7. Nxg5 hxg5 8. Bxg5 Qb6 9. Qc1 c5 10. Bf4 Nc6 11. Ng3 g5 12. Bxg5 Nxe5 13. Be2 Qg6 14. Qd2 Nc6 15. Qc1 Nd4 16. Bd1 Bg7 17. h4 Ne6 18. Rb1 Be5 $15 19. f4 Bc7 20. O-O Nxg5 21. hxg5 Bb6 22. Qe3 Qg7 23. c4 dxc4 24. Ba4+ Kf8 25. dxc4 Qd4 26. Qxd4 cxd4 27. Rbc1 Bg4 28. c5 Ba5 29. Bd1 Bd2 30. Bxg4 Be3+ 31. Rf2 Bxc1 32. Kf1 Rh4 33. Bf3 Bxf4 34. Nf5 Rh1+ 35. Ke2 Rd8 36. Kd3 Bxg5 37. Bxb7 Rd1+ 38. Ke2 Rc1 39. Kd3 Rxc5 40. Ng3 Bh4 41. Ne4 Bxf2 42. Nxc5 e6 43. b4 Ke7 44. g4 Rh8 45. Bf3 Rh3 46. Ke2 Rh2 47. Kd3 Be3 48. a4 Rd2+ 49. Ke4 Rb2 50. b5 Rb4 51. Kd3 f5 52. gxf5 exf5 53. Bc6 Kd6 54. Nb7+ Ke5 55. Nc5 Rb1 56. a5 Rc1 57. b6 axb6 58. a6 bxc5 59. a7 c4+ 60. Ke2 Rc2+ 61. Kd1 d3 0-1

[Event "98th Caplin Hastings Masters 2024-25"]
[Site "Hastings"]
[Date "2024.12.31"]
[Round "6.29"]
[White "Ashton, Alannah"]
[Black "Cheng, Louis"]
[Result "1/2-1/2"]
[ECO "B38"]
[WhiteElo "1953"]
[BlackElo "2087"]
[Annotator "NA"]
[PlyCount "33"]
[EventDate "2024.12.23"]
[EventType "swiss"]
[EventCountry "ENG"]
[SourceTitle "playchess.com"]
[Source "ChessBase"]
[SourceQuality "1"]
[TimeControl "5400+30"]

1. e4 c5 2. Nf3 g6 3. d4 cxd4 4. Nxd4 Nc6 5. c4 Bg7 6. Be3 Nf6 7. Nc3 O-O 8. Be2 b6 9. O-O Bb7 10. f3 Nxd4 11. Bxd4 Qc7 12. Rc1 Bh6 13. Rc2 Bf4 14. g3 Bxg3 15. hxg3 Qxg3+ 16. Kh1 Qh3+ 17. Kg1 1/2-1/2

[Event "98th Caplin Hastings Masters 2024-25"]
[Site "Hastings"]
[Date "2024.12.31"]
[Round "6.30"]
[White "Sasikumar, Srivathsan"]
[Black "Zhang, Junyi"]
[Result "1/2-1/2"]
[ECO "B45"]
[WhiteElo "1904"]
[BlackElo "2070"]
[Annotator "NA RC"]
[PlyCount "63"]
[EventDate "2024.12.23"]
[EventType "swiss"]
[EventCountry "ENG"]
[SourceTitle "playchess.com"]
[Source "ChessBase"]
[SourceQuality "1"]
[TimeControl "5400+30"]

1. e4 c5 2. Nf3 e6 3. d4 cxd4 4. Nxd4 Nf6 5. Nc3 Nc6 6. Be3 Bb4 7. Bd3 d5 8. exd5 Nxd5 9. Nxc6 bxc6 10. Bd2 O-O 11. Nxd5 {[%emt 0:00:00] B45: Sicilian Four Knights.} Bxd2+ 12. Qxd2 cxd5 13. O-O Qb6 14. c3 Ba6 15. Bxa6 Qxa6 16. f4 Rab8 17. Kh1 Qb6 18. Rab1 Rfd8 19. f5 exf5 20. Rxf5 d4 21. cxd4 Rxd4 22. Qe2 g6 23. Rf3 Rbd8 24. Rbf1 $11 f5 25. Rb3 Qc6 26. h3 Re4 27. Qf2 a5 28. Rc3 Qd5 29. a3 Qe6 30. Rfc1 Re2 31. Qh4 Qd5 32. Qxd8+ 1/2-1/2

[Event "98th Caplin Hastings Masters 2024-25"]
[Site "Hastings"]
[Date "2024.12.31"]
[Round "6.31"]
[White "Kim, Yegeon"]
[Black "Schimnatkowski, Lukas"]
[Result "1/2-1/2"]
[ECO "B51"]
[WhiteElo "1697"]
[BlackElo "2221"]
[Annotator "NA"]
[PlyCount "122"]
[EventDate "2024.12.23"]
[EventType "swiss"]
[EventCountry "ENG"]
[SourceTitle "playchess.com"]
[Source "ChessBase"]
[SourceQuality "1"]
[TimeControl "5400+30"]

1. e4 c5 2. Nf3 d6 3. Bb5+ Nd7 4. c3 a6 5. Ba4 Ngf6 6. Qe2 e6 7. O-O Be7 {[%emt 0:01:16] B51: Sicilian: Moscow Variation (3 Bb5+) without 3...Bd7.} 8. d4 b5 9. Bc2 Bb7 10. Rd1 Qc7 11. Bd3 O-O 12. Nbd2 Rfd8 13. a4 c4 14. Bc2 e5 15. Nf1 Bf8 16. Ng3 Re8 17. dxe5 dxe5 18. Nd2 Nc5 19. Ndf1 Qc6 20. axb5 axb5 21. Rxa8 Rxa8 22. f3 Ne6 23. Kh1 $15 g6 24. Qe1 Qb6 25. Be3 Bc5 26. b3 Ra2 27. Rc1 Ba6 28. bxc4 bxc4 29. Rb1 Qa7 30. Qc1 Bxe3 31. Qxe3 Qc7 32. Bd1 Kg7 33. Qc1 Nf4 34. Bc2 Qa5 35. Qd2 h5 36. Ne3 h4 37. Ngf1 Qc7 38. Qc1 Bc8 39. Ra1 Rxa1 40. Qxa1 Be6 41. Qe1 Qa5 42. Nd1 g5 43. Nfe3 Qd8 44. Qf1 Qd2 45. Qf2 Qxf2 46. Nxf2 Ne2 47. Nfd1 Nd7 48. Bb1 Nb6 49. Ba2 Kf8 50. Nb2 Nxc3 51. Bxc4 Nxc4 52. Nbxc4 Bxc4 53. Nxc4 f6 54. Kg1 Ke7 55. Kf2 Ke6 56. Ne3 Nb5 57. g3 hxg3+ 58. hxg3 Nd4 59. Ng4 Nc2 60. Ke2 Kf7 61. Kd2 Nd4 1/2-1/2